 Dungeon Crawl Stone Soup version 0.29.1-15-g9cfb28693d (webtiles) character file.

Game seed: 15839902480089539151

7989 promet the Spear-Bearer (level 11, -2/81 HPs)
             Began as a Human Gladiator on Mar 3, 2023.
             Was a Believer of Qazlal.
             Slain by an ettin
             ... wielding a +0 dire flail
              (26 damage)
             ... on level 2 of the Orcish Mines.
             The game lasted 01:17:48 (18305 turns).

promet the Spear-Bearer (Human Gladiator)          Turns: 18305, Time: 01:17:49

Health: -2/81      AC: 21    Str: 22    XL:     11   Next: 47%
Magic:  11/11      EV:  9    Int:  5    God:    Qazlal [**....]
Gold:   376        SH:  3    Dex: 22    Spells: 9/12 levels left

rFire   . . .      SeeInvis .   K - +5 battleaxe (freeze)
rCold   . . .      Faith    .   (shield currently unavailable)
rNeg    . . .      Spirit   .   f - +0 plate armour
rPois   .          Reflect  .   z - +2 hat
rElec   .          Harm     .   N - +1 cloak
rCorr   .          Rampage  +   (no gloves)
Will    +....                   i - +1 pair of boots {rampage}
Stlth   ..........              s - amulet of magic regeneration
HPRegen 0.23/turn               O - ring "Uxisk" {Will+ Str+6 Int-5 Stlth+}
MPRegen 0.52/turn               u - +6 ring of dexterity

@: no status effects
A: low MP 1
a: Renounce Religion, Upheaval


You were on level 2 of the Orcish Mines.
You worshipped Qazlal.
Qazlal was pleased with you.
You visited 3 branches of the dungeon, and saw 13 of its levels.

You collected 907 gold pieces.
You spent 531 gold pieces at shops.

Inventory:

Hand Weapons
 a - the +10 bardiche "Ihuth" {drain, Stlth+}
   (You acquired it on level 7 of the Dungeon)

   A truly terrible weapon, it drains the life of any living foe it strikes.
   Stlth:     It makes you more stealthy.
 b - a +0 arbalest
 h - a +0 trident
 p - a +0 halberd
 r - a +2 falchion of flaming
 B - a +3 vampiric spear
 F - a +5 great sword
 I - a +3 long sword
 K - a +5 battleaxe of freezing (weapon)
 Q - a +5 dire flail
Missiles
 d - 2 throwing nets
 g - 53 stones (quivered)
 L - 2 poisoned darts
Armour
 c - a +0 helmet
 f - a +0 plate armour (worn)
 i - a +1 pair of boots of rampaging (worn)
 k - a +0 chain mail
 o - a +0 leather armour
 z - a +2 hat (worn)
 N - a +1 cloak (worn)
Jewellery
 m - a ring of fire
 q - a +4 ring of protection
 s - an amulet of magic regeneration (around neck)
 u - a +6 ring of dexterity (right hand)
 x - a +6 ring of intelligence
 C - a ring of positive energy
 O - the ring "Uxisk" (left hand) {Will+ Str+6 Int-5 Stlth+}
   (You bought it in a shop on level 9 of the Dungeon)

   [ring of strength]

   Str:       It affects your strength (+6).
   Int:       It affects your intelligence (-5).
   Will:      It increases your willpower.
   Stlth:     It makes you more stealthy.
Wands
 e - a wand of flame (7)
 D - a wand of charming (6)
 E - a wand of digging (6)
 P - a wand of light (2)
Scrolls
 l - 5 scrolls of teleportation
 n - a scroll of fog
 t - 9 scrolls of identify
 y - a scroll of noise
 A - a scroll of magic mapping
 G - 2 scrolls of amnesia
 J - a scroll of poison
 R - a scroll of enchant armour
Potions
 j - 3 potions of brilliance
 v - 4 potions of lignification
 w - 5 potions of cancellation
 H - a potion of invisibility
 M - a potion of ambrosia


   Skills:
 + Level 6.1 Fighting
 + Level 2.0(7.1) Axes
 * Level 4.2(4.4) Maces & Flails
 + Level 9.9(10.0) Polearms
 + Level 5.4 Ranged Weapons
 + Level 2.2 Throwing
 + Level 9.8 Armour
 + Level 3.5 Dodging
 + Level 2.1 Stealth
 + Level 0.1 Shields
 + Level 1.1 Spellcasting
 + Level 1.1 Conjurations
 + Level 0.1 Fire Magic
 + Level 1.5 Evocations


You had 9 spell levels left.
You knew the following spells:

 Your Spells              Type           Power      Damage    Failure   Level
a - Scorch                Fire           0%         2d5       100%        2
b - Foxfire               Conj/Fire      0%         2x1d4     99%         1

Your spell library contained the following spells:

 Spells                   Type           Power      Damage    Failure   Level
 Magic Dart               Conj           4%         1d3       99%         1
 Searing Ray              Conj           2%         2d4       99%         2
 Slow                     Hex            0%         N/A       100%        1
 Call Canine Familiar     Summ           0%         N/A       100%        3
 Confusing Touch          Hex            0%         N/A       100%        3
 Conjure Flame            Conj/Fire      0%         6-21      100%        3
 Inner Flame              Hex/Fire       0%         N/A       100%        3
 Portal Projectile        Hex/Tloc       0%         N/A       100%        3
 Vampiric Draining        Necr           0%         2d6       100%        3
 Animate Dead             Necr           0%         N/A       100%        4
 Corpse Rot               Necr/Pois/Air  0%         N/A       100%        4
 Dispel Undead            Necr           0%         3d6       100%        4
 Flame Wave               Conj/Fire      0%         2d4       100%        4
 Fulminant Prism          Conj/Hex       0%         3d6       100%        4
 Leda's Liquefaction      Hex/Erth       0%         N/A       100%        4
 Borgnjor's Vile Clutch   Necr/Erth      0%         N/A       100%        5
 Yara's Violent Unravell  Hex/Tmut       0%         3d3       100%        5
 Death Channel            Necr           0%         N/A       100%        6
 Summon Cactus Giant      Summ           0%         N/A       100%        6
 Enfeeble                 Hex            0%         N/A       100%        7


Dungeon Overview and Level Annotations

Branches:
Dungeon (10/15)            Temple (1/1) D:7             Orc (2/2) D:9
    Elf (0/3) Orc:2
   Lair: D:8-11

Altars:
Ashenzari
Cheibriados
Dithmenos
Elyvilon
Fedhas
Gozag
Hepliaklqana
Kikubaaqudgha
Makhleb
Nemelex Xobeh
Okawaru
Qazlal
Ru
Trog
Uskayaw
Vehumet
Xom
Yredelemnul
Zin
The Shining One

Shops:
D:1 =   D:9 =

Annotations:
Temple 4 transporters


Innate Abilities, Weirdness & Mutations

Your magical capacity is low. (-10% MP)


Message History

The orc hits you with a +0 war axe. You block the orc's attack.
The orc hits you but does no damage.
There is a stone staircase leading up, spattered with blood here.
The orc hits you but does no damage.
The orc priest hits you but does no damage.
The orc hits you but does no damage. The orc hits you with a +0 club.
You climb upwards.
There is a stone staircase leading down, spattered with blood here.
You barely miss the orc priest. You hit the orc. You freeze the orc.
You kill the orc!
Qazlal accepts your kill.
You hit the orc. You freeze the orc. You barely miss the orc.
The orc closely misses you.
The orc is struck by lightning.
You kill the orc!
Qazlal accepts your kill.
You slash the orc priest! You freeze the orc priest.
The orc priest is severely wounded.
You slash the orc! You freeze the orc.
You kill the orc!
Qazlal accepts your kill.
The orc priest hits you but does no damage.
The orc priest barely misses you.
You slice the orc priest!! You freeze the orc priest.
You kill the orc priest!
Qazlal accepts your kill.
You start resting.
HP restored.
You climb downwards.
The orc shouts!
The troll bites you. The troll misses you. The troll closely misses you.
The ettin hits you with a +0 dire flail!!
The ettin hits you with a +0 dire flail!
An orc wizard comes into view. It is wielding a +0 dagger.
You hear a shout!
There is a stone staircase leading up, spattered with blood here.
The troll bites you.
* * * LOW HITPOINT WARNING * * *
The troll barely misses you. The troll claws you but does no damage.
The ettin hits you with a +0 dire flail!!
You die...

>...
#.......
.o.. .......
..o..##.....
o.o.<#.....
....o$....
#o.o.....
.##..o[T#
......รท@#
.#....C##
##....
#.....
##.##. ## ##


You could see an ettin, a troll, 3 orc warriors, an orc priest, an orc wizard
and 3 orcs.

Vanquished Creatures
  An orc sorcerer (D:9)
  An ugly thing (D:9)
  Maurice (D:9)
  An unseen horror (D:10)
  A troll (D:10)
  A wraith (D:10)
  6 yaks
  A steam dragon (D:7)
  A warg (Orc:2)
  6 water moccasins
  An ice beast (D:6)
  4 orc warriors
  4 ogres (Orc:1)
  3 centaurs
  2 bullfrogs
  A gnoll sergeant (D:7)
  A necrophage (D:5)
  3 scorpions
  13 wights
  8 killer bees
  5 spriggan skeletons (D:10)
  9 howler monkeys
  A troll skeleton (D:10)
  6 electric eels (D:9)
  4 hounds
  10 orc priests
  Jessica (D:3)
  5 iguanas
  11 orc wizards
  Natasha (thrice) (D:3)
  Robin (D:2)
  10 gnolls
  9 adders
  A shadow imp (D:8)
  A white imp (D:7)
  2 worms
  2 dart slugs
  50 orcs
  6 bats
  6 endoplasms
  5 giant cockroaches
  10 goblins
  9 hobgoblins
  2 jackals (D:1)
  2 quokkas
  7 ball pythons
  3 frilled lizards
  11 kobolds
  9 rats
261 creatures vanquished.

Vanquished Creatures (others)
  A killer bee (D:6)
  2 fungi (D:9)
  5 plants
  4 toadstools (D:9)
12 creatures vanquished.

Grand Total: 273 creatures vanquished

Notes
Turn   | Place    | Note
-------+----------+-------------------------------------------
     0 | D:1      | promet the Human Gladiator began the quest for the Orb.
     0 | D:1      | Reached XP level 1. HP: 16/16 MP: 1/1
   151 | D:1      | Reached XP level 2. HP: 20/22 MP: 2/2
   701 | D:1      | Found Egguh's Jewellery Shop.
  1209 | D:2      | Reached XP level 3. HP: 27/27 MP: 3/3
  1476 | D:2      | Noticed Robin
  1486 | D:2      | Reached skill level 1 in Armour
  1753 | D:2      | HP: 1/27 [Robin/bolt of light (13)]
  1762 | D:2      | Killed Robin
  1763 | D:2      | Reached XP level 4. HP: 4/33 MP: 4/4
  2608 | D:2      | Identified the +4 war axe of Diofeokagg {pain, rPois rF-
                  | Will+}
  2763 | D:2      | Reached XP level 5. HP: 38/38 MP: 5/5
  2875 | D:2      | Found a faded altar of an unknown god.
  3046 | D:3      | Found a radiant altar of Vehumet.
  3191 | D:3      | Noticed Natasha
  3199 | D:3      | Killed Natasha
  3210 | D:3      | Learned a level 2 spell: Scorch
  3346 | D:3      | Identified the +1 leather armour of Lust {Harm +Blink SInv
                  | Stlth-}
  3639 | D:3      | Identified a scroll of acquirement
  3639 | D:3      | Acquired a +1 pair of boots of rampaging
  4007 | D:3      | Noticed Jessica
  4012 | D:3      | Killed Jessica
  4013 | D:3      | Reached XP level 6. HP: 43/46 MP: 6/6
  4334 | D:3      | Gained mutation: Your magical capacity is low. (-10% MP)
                  | [potion of mutation]
  4409 | D:3      | Noticed Natasha
  4426 | D:3      | Killed Natasha
  4870 | D:3      | Found a shimmering altar of Xom.
  4908 | D:3      | Noticed Natasha
  4912 | D:3      | Killed Natasha
  4913 | D:3      | Reached skill level 1 in Stealth
  4958 | D:3      | Reached skill level 5 in Polearms
  5575 | D:3      | Reached XP level 7. HP: 23/52 MP: 6/6
  6512 | D:5      | Entered Level 5 of the Dungeon
  6854 | D:5      | Noticed a water moccasin
  6873 | D:5      | Killed a water moccasin
  6875 | D:5      | Found a white marble altar of Elyvilon.
  6897 | D:5      | Reached XP level 8. HP: 58/58 MP: 7/7
  7170 | D:5      | Reached skill level 5 in Armour
  8433 | D:6      | Reached skill level 1 in Ranged Weapons
  9034 | D:6      | Learned a level 1 spell: Foxfire
  9159 | D:6      | Reached XP level 9. HP: 47/65 MP: 8/8
  9289 | D:7      | Found a staircase to the Ecumenical Temple.
  9309 | Temple   | Entered the Ecumenical Temple
  9309 | Temple   | Found a transporter.
  9309 | Temple   | Found a transporter.
  9311 | Temple   | Found a transporter.
  9311 | Temple   | Found a transporter.
  9327 | Temple   | Became a worshipper of Qazlal Stormbringer
 10301 | D:7      | Acquired the +10 bardiche "Ihuth" {drain, Stlth+}
 11225 | D:7      | Reached skill level 1 in Spellcasting
 11228 | D:7      | Reached skill level 1 in Evocations
 12829 | D:8      | Reached XP level 10. HP: 73/73 MP: 10/10
 12987 | D:8      | Reached * piety under Qazlal
 12988 | D:8      | Reached skill level 5 in Fighting
 13042 | D:8      | Reached skill level 1 in Conjurations
 13835 | D:9      | Noticed Maurice
 13882 | D:9      | Killed Maurice
 13892 | D:9      | Found Nekh's One-of-a-Kind Rings.
 13916 | D:9      | Bought the ring "Uxisk" {Will+ Str+6 Int-5 Stlth+} for 531
                  | gold pieces
 14653 | D:9      | Found a staircase to the Orcish Mines.
 14702 | D:9      | Reached skill level 1 in Axes
 14913 | D:9      | Noticed a cyan ugly thing
 15057 | D:9      | Killed a cyan ugly thing
 15058 | D:9      | Reached skill level 1 in Maces & Flails
 16405 | D:10     | Entered Level 10 of the Dungeon
 16499 | D:10     | Reached XP level 11. HP: 57/80 MP: 11/11
 16988 | D:10     | Reached ** piety under Qazlal
 16990 | D:10     | Reached skill level 5 in Ranged Weapons
 17309 | Orc:1    | Entered Level 1 of the Orcish Mines
 17316 | Orc:1    | Noticed an orc sorcerer
 17326 | D:9      | Killed an orc sorcerer
 17855 | Orc:2    | Entered Level 2 of the Orcish Mines
 17855 | Orc:2    | Found a staircase to the Elven Halls.
 18250 | Orc:2    | Noticed an ettin
 18305 | Orc:2    | Slain by an ettin

Illustrated notes

Levels and vault maps discovered:
D:1:      dpeg_arrival_long_road, layout_basic, serial_aquarium,
          aquarium_bridge_square [aquarium_subvault_wall,
          aquarium_subvault_bridge, aquarium_subvault_balcony,
          aquarium_subvault_window], aquarium_window_fake, aquarium_window_1,
          aquarium_window_corridor_1, aquarium_window_fake, aquarium_view_2e,
          aquarium_view_2c, aquarium_pool_four, serial_shops,
          nicolae_shop_hallway_plus, minmay_pentomino_o2
D:2:      layout_loops_ring, shapermc_ecumenical_altar_hornbeckon, uniq_robin
D:3:      layout_basic, tgw_xom, lemuel_crystal_altar,
          minmay_fractal_squares_gapless_5, uniq_jessica, uniq_natasha
D:4:      layout_basic
D:5:      layout_basic, elyvilon_altar_3, portal_sewer_entry_e
D:6:      layout_basic
D:7:      layout_gridville, minmay_temple_entry_arrows
D:8:      layout_basic, st_stairs_6
D:9:      cheibrodos_two_vegetables, layout_irregular_city,
          minmay_gold_behind_fungi, nicolae_shop_unique_rings, uniq_maurice
D:10:     layout_roguey, dreamdust_mushroom_princess, hangedman_tell_no_tales
Temple:   hellmonk_temple_divided_pantheon
Orc:1:    layout_diamond_mine, hellmonk_guarded_unrand_dark_maul
Orc:2:    st_orc_elflike, layout_diamond_mine, lightli_orcish_oven

Skill      XL: |  1  2  3  4  5  6  7  8  9 10 11 |
---------------+----------------------------------+-----
Armour         | 1 2 3 4 6 8 9 |  9.8
Polearms       | 4 5 6 7 9 |  9.9
Stealth        | 1 2 |  2.1
Fighting       | 3 4 5 6 |  6.1
Ranged Weapons | 2 3 4 5 |  5.4
Spellcasting   | 1 |  1.1
Evocations     | 1 |  1.5
Conjurations   | 1 |  1.1
Axes           | 2 |  2.0
Maces & Flails | 2 4 |  4.2
Throwing       | |  2.2
Dodging        | |  3.5
Shields        | |  0.1
Fire Magic     | |  0.1

Action                   |  1- 3 |  4- 6 |  7- 9 | 10-12 || total
-------------------------+-------+-------+-------+-------++-------
Melee: Trident           |   111 |   105 |       |       ||   216
       Spear             |       |   132 |   273 |       ||   405
       Punch             |       |     1 |     1 |       ||     2
       Bardiche          |       |       |    39 |   128 ||   167
       Battleaxe         |       |       |       |    32 ||    32
 Fire: Arbalest          |       |     1 |    51 |    48 ||   100
Throw: Throwing net      |     2 |       |       |       ||     2
       Javelin           |       |     2 |     1 |       ||     3
       Stone             |       |       |     3 |    10 ||    13
Evoke: Wand              |       |     1 |    21 |     3 ||    25
  Use: Potion            |     5 |     3 |     5 |     3 ||    16
       Scroll            |     4 |     7 |     3 |     5 ||    19
 Stab: Distracted        |       |       |     1 |       ||     1
       Invisible         |       |       |       |     2 ||     2
Armor: Plate armour      |    51 |   146 |   177 |   158 ||   532
       Chain mail        |    29 |       |       |       ||    29
       Skin              |       |    13 |       |       ||    13
Dodge: Dodged            |    27 |    26 |    83 |    96 ||   232
Block: Other             |       |       |       |    16 ||    16
